 Dungeon Crawl Stone Soup version 0.27.1-1-g398f81649c (webtiles) character file.

Game seed: 17494189860467167304

98 ZARRMARR the Insei (level 4, -2/29 HPs)
             Began as an Octopode Transmuter on Sept 6, 2021.
             Killed from afar by an orc wizard (11 damage)
             ... with a puff of flame
             ... on level 3 of the Dungeon.
             The game lasted 00:07:59 (2354 turns).

ZARRMARR the Insei (Octopode Transmuter)            Turns: 2354, Time: 00:08:00

Health: -2/29      AC:  1    Str:  9    XL:     4   Next: 69%
Magic:  0/7        EV: 13    Int: 16    God:
Gold:   32         SH:  0    Dex: 12    Spells: 5/7 levels left

rFire    . . .     SeeInvis .     - Unarmed
rCold    . . .     Faith    .   (no shield)
rNeg     . . .     Spirit   +   (helmet currently unavailable)
rPois    .         Reflect  .   i - amulet of guardian spirit
rElec    .         Harm     .   (no ring)
rCorr    .         Rampage  .   (no ring)
Will     .....                  (no ring)
Stlth    +++.......             (no ring)
HPRegen  0.09/turn              (no ring)
MPRegen  0.10/turn              (no ring)
                                (no ring)
                                (no ring)

@: appendages
A: tentacle spike 3, almost no armour, amphibious, 8 rings, camouflage 1,
gelatinous body 1, (nimble swimmer 1), tentacles
a: End Transformation


You were on level 3 of the Dungeon.
One of your tentacles had grown a beastly spike.
You visited 1 branch of the dungeon, and saw 3 of its levels.

You collected 32 gold pieces.

Inventory:

Missiles
 a - 35 stones
Jewellery
 i - an amulet of guardian spirit (around mantle)
Scrolls
 b - a scroll of acquirement {unknown}
 d - a scroll of magic mapping
 f - a scroll of fear {unknown}
 g - 2 scrolls of teleportation
 h - 2 scrolls of noise {unknown}
Potions
 c - 2 potions of might {unknown}
 e - a potion of attraction {unknown}


   Skills:
 + Level 1.7 Fighting
 + Level 2.4 Dodging
 + Level 2.0 Stealth
 + Level 3.5 Unarmed Combat
 + Level 2.4 Spellcasting
 + Level 2.6 Transmutations
 + Level 0.8 Earth Magic


You had 5 spell levels left.
You knew the following spells:

 Your Spells              Type           Power      Damage    Failure   Level
a - Beastly Appendage     Tmut           20%        N/A       7%          1
b - Sandblast             Erth           8%         2d5       14%         1

Your spell library contained the following spells:

 Spells                   Type           Power      Damage    Failure   Level
 Wereblood                Tmut           10%        N/A       10%         2
 Spider Form              Tmut/Pois      3%         N/A       34%         3
 Ice Form                 Ice/Tmut       6%         N/A       75%         4


Dungeon Overview and Level Annotations

Branches:
Dungeon (3/15)

Altars:
Sif Muna


Innate Abilities, Weirdness & Mutations

One of your tentacles has grown a beastly spike.
You cannot wear most types of armour.
You are amphibious.
You can wear up to eight rings at the same time.
Your skin changes colour to match your surroundings (Stealth+).
Your rubbery body absorbs attacks. (AC +1, EV +1)
((You are camouflaged near water. (Stealth+)))
You have tentacles for arms and can constrict up to eight enemies at once.


Message History

You squeeze the orc wizard.
The orc wizard is moderately wounded.
You constrict the orc wizard, but do no damage.
The orc wizard points at you and mumbles some strange words.
You resist with some effort.
Unknown command.
You tentacle-slap the orc wizard but do no damage.
You pierce the orc wizard, but do no damage.
The orc wizard is moderately wounded.
You constrict the orc wizard, but do no damage.
The orc wizard hits you with a +0 dagger.
You tentacle-slap the orc wizard.
You pierce the orc wizard.
You tentacle-slap the orc wizard.
The orc wizard is almost dead.
You constrict the orc wizard. The orc wizard barely misses you.
You tentacle-slap the orc wizard but do no damage.
You squeeze the orc wizard, but do no damage.
The orc wizard is almost dead.
You constrict the orc wizard.
You kill the orc wizard!
Your Stealth skill increases to level 2!
Unknown command.
Casting: Sandblast (safe; 14% risk of failure)
Confirm with . or Enter, or press ? or * to list all spells.
Okay, then.
Unknown command.
Casting: Sandblast (safe; 14% risk of failure)
Confirm with . or Enter, or press ? or * to list all spells.
Aiming: Sandblast (safe; 14% risk of failure)
Press: ? - help, Shift-Dir - straight line The blast of sand hits something but does no damage.
a - 35 stones You tentacle-slap something.
Something hits you.
You miss something. Something hits you.
You closely miss something.
Your tentacle spike misses something.
You squeeze something.
You hear some strange, mumbled words.
A puff of flame appears from out of thin air!
The puff of flame hits you!
You die...

## ##≈### ##≈≈≈≈≈##
##≈≈≈≈≈≈≈#
#≈≈≈....≈≈
####≈≈≈####.≈
##8.8.8##..##
#...).@{..._#
#.8.8.8##..##
#.###≈≈≈## #.≈ #.#
#≈≈≈.... ≈ #.#
##≈≈≈≈≈≈
#.#####≈≈≈≈≈#######
#.....###≈###.....#
#####.# ###..###.#
#.# #........#


There were no monsters in sight!

Vanquished Creatures
  An orc wizard (D:3)
  2 adders (D:2)
  A dart slug (D:1)
  An orc (D:3)
  2 ball pythons (D:2)
  2 endoplasms
  6 goblins
  4 hobgoblins
  7 jackals (D:1)
  3 quokkas
  6 bats
  3 frilled lizards
  6 kobolds
  6 rats
50 creatures vanquished.

Notes
Turn   | Place    | Note
-------+----------+-------------------------------------------
     0 | D:1      | ZARRMARR the Octopode Transmuter began the quest for the
                  | Orb.
     0 | D:1      | Reached XP level 1. HP: 13/13 MP: 3/3
   207 | D:1      | Found a faded altar of an unknown god.
   271 | D:1      | Got Plato's Tome of Stones
   309 | D:1      | Learned a level 1 spell: Sandblast
   342 | D:1      | Reached XP level 2. HP: 18/18 MP: 3/5
   475 | D:1      | Reached skill level 1 in Stealth
   674 | D:1      | Reached XP level 3. HP: 22/23 MP: 3/6
  1693 | D:2      | Reached XP level 4. HP: 28/28 MP: 4/7
  2337 | D:3      | Found a shimmering blue altar of Sif Muna.
  2354 | D:3      | Killed from afar by an orc wizard

Illustrated notes

Levels and vault maps discovered:
D:1:      lightli_arrival_windingriver, layout_loops_cross,
          shapermc_ecumenical_altar_rom_forum, kennysheep_doodads
D:2:      minmay_general_purpose_star, layout_basic
D:3:      layout_loops_ring, kennysheep_orc_sif_temple,
          overflow_temple_1_default

Skill      XL: |  1  2  3  4 |
---------------+-------------+-----
Stealth        | 1 2 |  2.0
Fighting       | |  1.7
Dodging        | |  2.4
Unarmed Combat | |  3.5
Spellcasting   | |  2.4
Transmutations | |  2.6
Earth Magic    | |  0.8

Action                   |  1- 3 |  4- 6 || total
-------------------------+-------+-------++-------
Melee: Unarmed           |    62 |    19 ||    81
       Constrict         |    19 |     3 ||    22
       Kick              |    13 |     5 ||    18
       Tentacles         |    11 |     5 ||    16
       Punch             |     1 |     1 ||     2
 Cast: Beastly Appendage |    24 |     9 ||    33
       Sandblast         |    16 |     6 ||    22
  Use: Scroll            |     1 |     1 ||     2
       Potion            |     1 |       ||     1
 Stab: Sleeping          |     6 |     2 ||     8
Armor: Skin              |     5 |       ||     5
Dodge: Dodged            |    34 |     5 ||    39
